%YAML 1.1
%TAG !u! tag:unity3d.com,2011:
--- !u!1 &3123424423979195233
GameObject:
  m_ObjectHideFlags: 0
  m_CorrespondingSourceObject: {fileID: 0}
  m_PrefabInstance: {fileID: 0}
  m_PrefabAsset: {fileID: 0}
  serializedVersion: 6
  m_Component:
  - component: {fileID: 5027835763155500855}
  - component: {fileID: 1810223584672778743}
  m_Layer: 0
  m_Name: PERTESTRefactoring
  m_TagString: Untagged
  m_Icon: {fileID: 0}
  m_NavMeshLayer: 0
  m_StaticEditorFlags: 0
  m_IsActive: 1
--- !u!4 &5027835763155500855
Transform:
  m_ObjectHideFlags: 0
  m_CorrespondingSourceObject: {fileID: 0}
  m_PrefabInstance: {fileID: 0}
  m_PrefabAsset: {fileID: 0}
  m_GameObject: {fileID: 3123424423979195233}
  m_LocalRotation: {x: 0, y: 0, z: 0, w: 1}
  m_LocalPosition: {x: 0, y: 0, z: 0}
  m_LocalScale: {x: 1, y: 1, z: 1}
  m_ConstrainProportionsScale: 0
  m_Children:
  - {fileID: 566066375778349395}
  - {fileID: 6621861611622688145}
  - {fileID: 3373756728925887623}
  - {fileID: 4978375665218301126}
  - {fileID: 1851201249357788652}
  - {fileID: 8109900236779564763}
  - {fileID: 1201029346994370013}
  - {fileID: 6323852978211845869}
  m_Father: {fileID: 0}
  m_RootOrder: 0
  m_LocalEulerAnglesHint: {x: 0, y: 0, z: 0}
--- !u!114 &1810223584672778743
MonoBehaviour:
  m_ObjectHideFlags: 0
  m_CorrespondingSourceObject: {fileID: 0}
  m_PrefabInstance: {fileID: 0}
  m_PrefabAsset: {fileID: 0}
  m_GameObject: {fileID: 3123424423979195233}
  m_Enabled: 1
  m_EditorHideFlags: 0
  m_Script: {fileID: 11500000, guid: 3f7c6a01ab2137d4db5915922572c4e0, type: 3}
  m_Name: 
  m_EditorClassIdentifier: 
  maxSteps: 1000
  canvasScore: {fileID: 6299236912359498619}
--- !u!1 &5596891075787973640
GameObject:
  m_ObjectHideFlags: 0
  m_CorrespondingSourceObject: {fileID: 0}
  m_PrefabInstance: {fileID: 0}
  m_PrefabAsset: {fileID: 0}
  serializedVersion: 6
  m_Component:
  - component: {fileID: 4978375665218301126}
  m_Layer: 0
  m_Name: Agents
  m_TagString: Untagged
  m_Icon: {fileID: 0}
  m_NavMeshLayer: 0
  m_StaticEditorFlags: 0
  m_IsActive: 1
--- !u!4 &4978375665218301126
Transform:
  m_ObjectHideFlags: 0
  m_CorrespondingSourceObject: {fileID: 0}
  m_PrefabInstance: {fileID: 0}
  m_PrefabAsset: {fileID: 0}
  m_GameObject: {fileID: 5596891075787973640}
  m_LocalRotation: {x: 0, y: 0, z: 0, w: 1}
  m_LocalPosition: {x: -0.09, y: 0, z: 0.36}
  m_LocalScale: {x: 1, y: 1, z: 1}
  m_ConstrainProportionsScale: 0
  m_Children:
  - {fileID: 7075263618142061781}
  m_Father: {fileID: 5027835763155500855}
  m_RootOrder: 0
  m_LocalEulerAnglesHint: {x: 0, y: 0, z: 0}
--- !u!1 &5783000177023044398
GameObject:
  m_ObjectHideFlags: 0
  m_CorrespondingSourceObject: {fileID: 0}
  m_PrefabInstance: {fileID: 0}
  m_PrefabAsset: {fileID: 0}
  serializedVersion: 6
  m_Component:
  - component: {fileID: 7075263618142061781}
  m_Layer: 0
  m_Name: First
  m_TagString: Untagged
  m_Icon: {fileID: 0}
  m_NavMeshLayer: 0
  m_StaticEditorFlags: 0
  m_IsActive: 1
--- !u!4 &7075263618142061781
Transform:
  m_ObjectHideFlags: 0
  m_CorrespondingSourceObject: {fileID: 0}
  m_PrefabInstance: {fileID: 0}
  m_PrefabAsset: {fileID: 0}
  m_GameObject: {fileID: 5783000177023044398}
  m_LocalRotation: {x: 0, y: 0, z: 0, w: 1}
  m_LocalPosition: {x: 0, y: 0, z: 0}
  m_LocalScale: {x: 1, y: 1, z: 1}
  m_ConstrainProportionsScale: 0
  m_Children:
  - {fileID: 1131846944934175999}
  - {fileID: 7236531594538886399}
  m_Father: {fileID: 4978375665218301126}
  m_RootOrder: 0
  m_LocalEulerAnglesHint: {x: 0, y: 0, z: 0}
--- !u!1 &7684113487552265055
GameObject:
  m_ObjectHideFlags: 0
  m_CorrespondingSourceObject: {fileID: 0}
  m_PrefabInstance: {fileID: 0}
  m_PrefabAsset: {fileID: 0}
  serializedVersion: 6
  m_Component:
  - component: {fileID: 7236531594538886399}
  - component: {fileID: 835347699381604256}
  - component: {fileID: 859651267740238747}
  - component: {fileID: 5296015382932838126}
  - component: {fileID: 1432223352816655793}
  m_Layer: 11
  m_Name: Cube
  m_TagString: Agente
  m_Icon: {fileID: 0}
  m_NavMeshLayer: 0
  m_StaticEditorFlags: 0
  m_IsActive: 0
--- !u!4 &7236531594538886399
Transform:
  m_ObjectHideFlags: 0
  m_CorrespondingSourceObject: {fileID: 0}
  m_PrefabInstance: {fileID: 0}
  m_PrefabAsset: {fileID: 0}
  m_GameObject: {fileID: 7684113487552265055}
  m_LocalRotation: {x: -0, y: -0, z: -0, w: 1}
  m_LocalPosition: {x: 0, y: 0, z: 0}
  m_LocalScale: {x: 0.15, y: 10, z: 0.15}
  m_ConstrainProportionsScale: 0
  m_Children: []
  m_Father: {fileID: 7075263618142061781}
  m_RootOrder: -1
  m_LocalEulerAnglesHint: {x: 0, y: 0, z: 0}
--- !u!33 &835347699381604256
MeshFilter:
  m_ObjectHideFlags: 0
  m_CorrespondingSourceObject: {fileID: 0}
  m_PrefabInstance: {fileID: 0}
  m_PrefabAsset: {fileID: 0}
  m_GameObject: {fileID: 7684113487552265055}
  m_Mesh: {fileID: 10202, guid: 0000000000000000e000000000000000, type: 0}
--- !u!23 &859651267740238747
MeshRenderer:
  m_ObjectHideFlags: 0
  m_CorrespondingSourceObject: {fileID: 0}
  m_PrefabInstance: {fileID: 0}
  m_PrefabAsset: {fileID: 0}
  m_GameObject: {fileID: 7684113487552265055}
  m_Enabled: 1
  m_CastShadows: 1
  m_ReceiveShadows: 1
  m_DynamicOccludee: 1
  m_StaticShadowCaster: 0
  m_MotionVectors: 1
  m_LightProbeUsage: 1
  m_ReflectionProbeUsage: 1
  m_RayTracingMode: 2
  m_RayTraceProcedural: 0
  m_RenderingLayerMask: 1
  m_RendererPriority: 0
  m_Materials:
  - {fileID: 10303, guid: 0000000000000000f000000000000000, type: 0}
  m_StaticBatchInfo:
    firstSubMesh: 0
    subMeshCount: 0
  m_StaticBatchRoot: {fileID: 0}
  m_ProbeAnchor: {fileID: 0}
  m_LightProbeVolumeOverride: {fileID: 0}
  m_ScaleInLightmap: 1
  m_ReceiveGI: 1
  m_PreserveUVs: 0
  m_IgnoreNormalsForChartDetection: 0
  m_ImportantGI: 0
  m_StitchLightmapSeams: 1
  m_SelectedEditorRenderState: 3
  m_MinimumChartSize: 4
  m_AutoUVMaxDistance: 0.5
  m_AutoUVMaxAngle: 89
  m_LightmapParameters: {fileID: 0}
  m_SortingLayerID: 0
  m_SortingLayer: 0
  m_SortingOrder: 0
  m_AdditionalVertexStreams: {fileID: 0}
--- !u!65 &5296015382932838126
BoxCollider:
  m_ObjectHideFlags: 0
  m_CorrespondingSourceObject: {fileID: 0}
  m_PrefabInstance: {fileID: 0}
  m_PrefabAsset: {fileID: 0}
  m_GameObject: {fileID: 7684113487552265055}
  m_Material: {fileID: 0}
  m_IncludeLayers:
    serializedVersion: 2
    m_Bits: 0
  m_ExcludeLayers:
    serializedVersion: 2
    m_Bits: 0
  m_LayerOverridePriority: 0
  m_IsTrigger: 0
  m_ProvidesContacts: 0
  m_Enabled: 1
  serializedVersion: 3
  m_Size: {x: 1, y: 1, z: 1}
  m_Center: {x: 0, y: 0, z: 0}
--- !u!54 &1432223352816655793
Rigidbody:
  m_ObjectHideFlags: 0
  m_CorrespondingSourceObject: {fileID: 0}
  m_PrefabInstance: {fileID: 0}
  m_PrefabAsset: {fileID: 0}
  m_GameObject: {fileID: 7684113487552265055}
  serializedVersion: 4
  m_Mass: 1
  m_Drag: 0
  m_AngularDrag: 0.05
  m_CenterOfMass: {x: 0, y: 0, z: 0}
  m_InertiaTensor: {x: 1, y: 1, z: 1}
  m_InertiaRotation: {x: 0, y: 0, z: 0, w: 1}
  m_IncludeLayers:
    serializedVersion: 2
    m_Bits: 0
  m_ExcludeLayers:
    serializedVersion: 2
    m_Bits: 0
  m_ImplicitCom: 1
  m_ImplicitTensor: 1
  m_UseGravity: 1
  m_IsKinematic: 0
  m_Interpolate: 0
  m_Constraints: 14
  m_CollisionDetection: 0
--- !u!1001 &364449025238863084
PrefabInstance:
  m_ObjectHideFlags: 0
  serializedVersion: 2
  m_Modification:
    serializedVersion: 3
    m_TransformParent: {fileID: 5027835763155500855}
    m_Modifications:
    - target: {fileID: 7029880133630607927, guid: c6363ce501579254297ef5b80ffb67fc, type: 3}
      propertyPath: m_Name
      value: Canvas
      objectReference: {fileID: 0}
    - target: {fileID: 8467593278458667575, guid: c6363ce501579254297ef5b80ffb67fc, type: 3}
      propertyPath: m_Pivot.x
      value: 1
      objectReference: {fileID: 0}
    - target: {fileID: 8467593278458667575, guid: c6363ce501579254297ef5b80ffb67fc, type: 3}
      propertyPath: m_Pivot.y
      value: 1
      objectReference: {fileID: 0}
    - target: {fileID: 8467593278458667575, guid: c6363ce501579254297ef5b80ffb67fc, type: 3}
      propertyPath: m_RootOrder
      value: 2
      objectReference: {fileID: 0}
    - target: {fileID: 8467593278458667575, guid: c6363ce501579254297ef5b80ffb67fc, type: 3}
      propertyPath: m_AnchorMax.x
      value: 0
      objectReference: {fileID: 0}
    - target: {fileID: 8467593278458667575, guid: c6363ce501579254297ef5b80ffb67fc, type: 3}
      propertyPath: m_AnchorMax.y
      value: 0
      objectReference: {fileID: 0}
    - target: {fileID: 8467593278458667575, guid: c6363ce501579254297ef5b80ffb67fc, type: 3}
      propertyPath: m_AnchorMin.x
      value: 0
      objectReference: {fileID: 0}
    - target: {fileID: 8467593278458667575, guid: c6363ce501579254297ef5b80ffb67fc, type: 3}
      propertyPath: m_AnchorMin.y
      value: 0
      objectReference: {fileID: 0}
    - target: {fileID: 8467593278458667575, guid: c6363ce501579254297ef5b80ffb67fc, type: 3}
      propertyPath: m_SizeDelta.x
      value: 0
      objectReference: {fileID: 0}
    - target: {fileID: 8467593278458667575, guid: c6363ce501579254297ef5b80ffb67fc, type: 3}
      propertyPath: m_SizeDelta.y
      value: 0
      objectReference: {fileID: 0}
    - target: {fileID: 8467593278458667575, guid: c6363ce501579254297ef5b80ffb67fc, type: 3}
      propertyPath: m_LocalPosition.x
      value: 0
      objectReference: {fileID: 0}
    - target: {fileID: 8467593278458667575, guid: c6363ce501579254297ef5b80ffb67fc, type: 3}
      propertyPath: m_LocalPosition.y
      value: 0
      objectReference: {fileID: 0}
    - target: {fileID: 8467593278458667575, guid: c6363ce501579254297ef5b80ffb67fc, type: 3}
      propertyPath: m_LocalPosition.z
      value: -2.55
      objectReference: {fileID: 0}
    - target: {fileID: 8467593278458667575, guid: c6363ce501579254297ef5b80ffb67fc, type: 3}
      propertyPath: m_LocalRotation.w
      value: 0.7071068
      objectReference: {fileID: 0}
    - target: {fileID: 8467593278458667575, guid: c6363ce501579254297ef5b80ffb67fc, type: 3}
      propertyPath: m_LocalRotation.x
      value: 0.7071068
      objectReference: {fileID: 0}
    - target: {fileID: 8467593278458667575, guid: c6363ce501579254297ef5b80ffb67fc, type: 3}
      propertyPath: m_LocalRotation.y
      value: -0
      objectReference: {fileID: 0}
    - target: {fileID: 8467593278458667575, guid: c6363ce501579254297ef5b80ffb67fc, type: 3}
      propertyPath: m_LocalRotation.z
      value: -0
      objectReference: {fileID: 0}
    - target: {fileID: 8467593278458667575, guid: c6363ce501579254297ef5b80ffb67fc, type: 3}
      propertyPath: m_AnchoredPosition.x
      value: 0
      objectReference: {fileID: 0}
    - target: {fileID: 8467593278458667575, guid: c6363ce501579254297ef5b80ffb67fc, type: 3}
      propertyPath: m_AnchoredPosition.y
      value: 0
      objectReference: {fileID: 0}
    - target: {fileID: 8467593278458667575, guid: c6363ce501579254297ef5b80ffb67fc, type: 3}
      propertyPath: m_LocalEulerAnglesHint.x
      value: 90
      objectReference: {fileID: 0}
    - target: {fileID: 8467593278458667575, guid: c6363ce501579254297ef5b80ffb67fc, type: 3}
      propertyPath: m_LocalEulerAnglesHint.y
      value: 90
      objectReference: {fileID: 0}
    - target: {fileID: 8467593278458667575, guid: c6363ce501579254297ef5b80ffb67fc, type: 3}
      propertyPath: m_LocalEulerAnglesHint.z
      value: 90
      objectReference: {fileID: 0}
    m_RemovedComponents: []
    m_RemovedGameObjects: []
    m_AddedGameObjects: []
    m_AddedComponents: []
  m_SourcePrefab: {fileID: 100100000, guid: c6363ce501579254297ef5b80ffb67fc, type: 3}
--- !u!114 &6299236912359498619 stripped
MonoBehaviour:
  m_CorrespondingSourceObject: {fileID: 5937339622755331991, guid: c6363ce501579254297ef5b80ffb67fc, type: 3}
  m_PrefabInstance: {fileID: 364449025238863084}
  m_PrefabAsset: {fileID: 0}
  m_GameObject: {fileID: 0}
  m_Enabled: 1
  m_EditorHideFlags: 0
  m_Script: {fileID: 11500000, guid: 5f7201a12d95ffc409449d95f23cf332, type: 3}
  m_Name: 
  m_EditorClassIdentifier: 
--- !u!224 &8109900236779564763 stripped
RectTransform:
  m_CorrespondingSourceObject: {fileID: 8467593278458667575, guid: c6363ce501579254297ef5b80ffb67fc, type: 3}
  m_PrefabInstance: {fileID: 364449025238863084}
  m_PrefabAsset: {fileID: 0}
--- !u!1001 &1347781178509655633
PrefabInstance:
  m_ObjectHideFlags: 0
  serializedVersion: 2
  m_Modification:
    serializedVersion: 3
    m_TransformParent: {fileID: 5027835763155500855}
    m_Modifications:
    - target: {fileID: 5005347533876791484, guid: 44748c735e2e3204ab7fc44df33cfc4c, type: 3}
      propertyPath: m_RootOrder
      value: 0
      objectReference: {fileID: 0}
    - target: {fileID: 5005347533876791484, guid: 44748c735e2e3204ab7fc44df33cfc4c, type: 3}
      propertyPath: m_LocalScale.x
      value: 0.88616
      objectReference: {fileID: 0}
    - target: {fileID: 5005347533876791484, guid: 44748c735e2e3204ab7fc44df33cfc4c, type: 3}
      propertyPath: m_LocalScale.z
      value: 3.1435938
      objectReference: {fileID: 0}
    - target: {fileID: 5005347533876791484, guid: 44748c735e2e3204ab7fc44df33cfc4c, type: 3}
      propertyPath: m_LocalPosition.x
      value: -1.36
      objectReference: {fileID: 0}
    - target: {fileID: 5005347533876791484, guid: 44748c735e2e3204ab7fc44df33cfc4c, type: 3}
      propertyPath: m_LocalPosition.y
      value: 0
      objectReference: {fileID: 0}
    - target: {fileID: 5005347533876791484, guid: 44748c735e2e3204ab7fc44df33cfc4c, type: 3}
      propertyPath: m_LocalPosition.z
      value: -4.19
      objectReference: {fileID: 0}
    - target: {fileID: 5005347533876791484, guid: 44748c735e2e3204ab7fc44df33cfc4c, type: 3}
      propertyPath: m_LocalRotation.w
      value: 0.7071068
      objectReference: {fileID: 0}
    - target: {fileID: 5005347533876791484, guid: 44748c735e2e3204ab7fc44df33cfc4c, type: 3}
      propertyPath: m_LocalRotation.x
      value: 0
      objectReference: {fileID: 0}
    - target: {fileID: 5005347533876791484, guid: 44748c735e2e3204ab7fc44df33cfc4c, type: 3}
      propertyPath: m_LocalRotation.y
      value: 0.7071068
      objectReference: {fileID: 0}
    - target: {fileID: 5005347533876791484, guid: 44748c735e2e3204ab7fc44df33cfc4c, type: 3}
      propertyPath: m_LocalRotation.z
      value: 0
      objectReference: {fileID: 0}
    - target: {fileID: 5005347533876791484, guid: 44748c735e2e3204ab7fc44df33cfc4c, type: 3}
      propertyPath: m_LocalEulerAnglesHint.x
      value: 0
      objectReference: {fileID: 0}
    - target: {fileID: 5005347533876791484, guid: 44748c735e2e3204ab7fc44df33cfc4c, type: 3}
      propertyPath: m_LocalEulerAnglesHint.y
      value: 90
      objectReference: {fileID: 0}
    - target: {fileID: 5005347533876791484, guid: 44748c735e2e3204ab7fc44df33cfc4c, type: 3}
      propertyPath: m_LocalEulerAnglesHint.z
      value: 0
      objectReference: {fileID: 0}
    - target: {fileID: 7581595868062316650, guid: 44748c735e2e3204ab7fc44df33cfc4c, type: 3}
      propertyPath: m_Name
      value: Muro (2)
      objectReference: {fileID: 0}
    m_RemovedComponents: []
    m_RemovedGameObjects: []
    m_AddedGameObjects: []
    m_AddedComponents: []
  m_SourcePrefab: {fileID: 100100000, guid: 44748c735e2e3204ab7fc44df33cfc4c, type: 3}
--- !u!4 &6323852978211845869 stripped
Transform:
  m_CorrespondingSourceObject: {fileID: 5005347533876791484, guid: 44748c735e2e3204ab7fc44df33cfc4c, type: 3}
  m_PrefabInstance: {fileID: 1347781178509655633}
  m_PrefabAsset: {fileID: 0}
--- !u!1001 &1428978880205000122
PrefabInstance:
  m_ObjectHideFlags: 0
  serializedVersion: 2
  m_Modification:
    serializedVersion: 3
    m_TransformParent: {fileID: 5027835763155500855}
    m_Modifications:
    - target: {fileID: 4396988122849710397, guid: d8645800da04d39419f3182da962b1a1, type: 3}
      propertyPath: m_RootOrder
      value: 0
      objectReference: {fileID: 0}
    - target: {fileID: 4396988122849710397, guid: d8645800da04d39419f3182da962b1a1, type: 3}
      propertyPath: m_LocalScale.x
      value: 5.045625
      objectReference: {fileID: 0}
    - target: {fileID: 4396988122849710397, guid: d8645800da04d39419f3182da962b1a1, type: 3}
      propertyPath: m_LocalScale.z
      value: 2.4
      objectReference: {fileID: 0}
    - target: {fileID: 4396988122849710397, guid: d8645800da04d39419f3182da962b1a1, type: 3}
      propertyPath: m_LocalPosition.x
      value: 0.07
      objectReference: {fileID: 0}
    - target: {fileID: 4396988122849710397, guid: d8645800da04d39419f3182da962b1a1, type: 3}
      propertyPath: m_LocalPosition.y
      value: 0
      objectReference: {fileID: 0}
    - target: {fileID: 4396988122849710397, guid: d8645800da04d39419f3182da962b1a1, type: 3}
      propertyPath: m_LocalPosition.z
      value: 8.21
      objectReference: {fileID: 0}
    - target: {fileID: 4396988122849710397, guid: d8645800da04d39419f3182da962b1a1, type: 3}
      propertyPath: m_LocalRotation.w
      value: 1
      objectReference: {fileID: 0}
    - target: {fileID: 4396988122849710397, guid: d8645800da04d39419f3182da962b1a1, type: 3}
      propertyPath: m_LocalRotation.x
      value: 0
      objectReference: {fileID: 0}
    - target: {fileID: 4396988122849710397, guid: d8645800da04d39419f3182da962b1a1, type: 3}
      propertyPath: m_LocalRotation.y
      value: 0
      objectReference: {fileID: 0}
    - target: {fileID: 4396988122849710397, guid: d8645800da04d39419f3182da962b1a1, type: 3}
      propertyPath: m_LocalRotation.z
      value: 0
      objectReference: {fileID: 0}
    - target: {fileID: 4396988122849710397, guid: d8645800da04d39419f3182da962b1a1, type: 3}
      propertyPath: m_LocalEulerAnglesHint.x
      value: 0
      objectReference: {fileID: 0}
    - target: {fileID: 4396988122849710397, guid: d8645800da04d39419f3182da962b1a1, type: 3}
      propertyPath: m_LocalEulerAnglesHint.y
      value: 0
      objectReference: {fileID: 0}
    - target: {fileID: 4396988122849710397, guid: d8645800da04d39419f3182da962b1a1, type: 3}
      propertyPath: m_LocalEulerAnglesHint.z
      value: 0
      objectReference: {fileID: 0}
    - target: {fileID: 5100605169048107219, guid: d8645800da04d39419f3182da962b1a1, type: 3}
      propertyPath: targetType
      value: 0
      objectReference: {fileID: 0}
    - target: {fileID: 5695143438376696120, guid: d8645800da04d39419f3182da962b1a1, type: 3}
      propertyPath: m_Name
      value: Target (1)
      objectReference: {fileID: 0}
    - target: {fileID: 5695143438376696120, guid: d8645800da04d39419f3182da962b1a1, type: 3}
      propertyPath: m_Layer
      value: 16
      objectReference: {fileID: 0}
    m_RemovedComponents: []
    m_RemovedGameObjects: []
    m_AddedGameObjects: []
    m_AddedComponents: []
  m_SourcePrefab: {fileID: 100100000, guid: d8645800da04d39419f3182da962b1a1, type: 3}
--- !u!4 &3373756728925887623 stripped
Transform:
  m_CorrespondingSourceObject: {fileID: 4396988122849710397, guid: d8645800da04d39419f3182da962b1a1, type: 3}
  m_PrefabInstance: {fileID: 1428978880205000122}
  m_PrefabAsset: {fileID: 0}
--- !u!1001 &2203110265875754285
PrefabInstance:
  m_ObjectHideFlags: 0
  serializedVersion: 2
  m_Modification:
    serializedVersion: 3
    m_TransformParent: {fileID: 5027835763155500855}
    m_Modifications:
    - target: {fileID: 5005347533876791484, guid: 44748c735e2e3204ab7fc44df33cfc4c, type: 3}
      propertyPath: m_RootOrder
      value: 0
      objectReference: {fileID: 0}
    - target: {fileID: 5005347533876791484, guid: 44748c735e2e3204ab7fc44df33cfc4c, type: 3}
      propertyPath: m_LocalScale.x
      value: 19.65323
      objectReference: {fileID: 0}
    - target: {fileID: 5005347533876791484, guid: 44748c735e2e3204ab7fc44df33cfc4c, type: 3}
      propertyPath: m_LocalPosition.x
      value: 3
      objectReference: {fileID: 0}
    - target: {fileID: 5005347533876791484, guid: 44748c735e2e3204ab7fc44df33cfc4c, type: 3}
      propertyPath: m_LocalPosition.y
      value: 0
      objectReference: {fileID: 0}
    - target: {fileID: 5005347533876791484, guid: 44748c735e2e3204ab7fc44df33cfc4c, type: 3}
      propertyPath: m_LocalPosition.z
      value: -0.02
      objectReference: {fileID: 0}
    - target: {fileID: 5005347533876791484, guid: 44748c735e2e3204ab7fc44df33cfc4c, type: 3}
      propertyPath: m_LocalRotation.w
      value: 0.7071068
      objectReference: {fileID: 0}
    - target: {fileID: 5005347533876791484, guid: 44748c735e2e3204ab7fc44df33cfc4c, type: 3}
      propertyPath: m_LocalRotation.x
      value: 0
      objectReference: {fileID: 0}
    - target: {fileID: 5005347533876791484, guid: 44748c735e2e3204ab7fc44df33cfc4c, type: 3}
      propertyPath: m_LocalRotation.y
      value: 0.7071068
      objectReference: {fileID: 0}
    - target: {fileID: 5005347533876791484, guid: 44748c735e2e3204ab7fc44df33cfc4c, type: 3}
      propertyPath: m_LocalRotation.z
      value: 0
      objectReference: {fileID: 0}
    - target: {fileID: 5005347533876791484, guid: 44748c735e2e3204ab7fc44df33cfc4c, type: 3}
      propertyPath: m_LocalEulerAnglesHint.x
      value: 0
      objectReference: {fileID: 0}
    - target: {fileID: 5005347533876791484, guid: 44748c735e2e3204ab7fc44df33cfc4c, type: 3}
      propertyPath: m_LocalEulerAnglesHint.y
      value: 90
      objectReference: {fileID: 0}
    - target: {fileID: 5005347533876791484, guid: 44748c735e2e3204ab7fc44df33cfc4c, type: 3}
      propertyPath: m_LocalEulerAnglesHint.z
      value: 0
      objectReference: {fileID: 0}
    - target: {fileID: 7581595868062316650, guid: 44748c735e2e3204ab7fc44df33cfc4c, type: 3}
      propertyPath: m_Name
      value: Muro (1)
      objectReference: {fileID: 0}
    m_RemovedComponents: []
    m_RemovedGameObjects: []
    m_AddedGameObjects: []
    m_AddedComponents: []
  m_SourcePrefab: {fileID: 100100000, guid: 44748c735e2e3204ab7fc44df33cfc4c, type: 3}
--- !u!4 &6621861611622688145 stripped
Transform:
  m_CorrespondingSourceObject: {fileID: 5005347533876791484, guid: 44748c735e2e3204ab7fc44df33cfc4c, type: 3}
  m_PrefabInstance: {fileID: 2203110265875754285}
  m_PrefabAsset: {fileID: 0}
--- !u!1001 &2356717155122987734
PrefabInstance:
  m_ObjectHideFlags: 0
  serializedVersion: 2
  m_Modification:
    serializedVersion: 3
    m_TransformParent: {fileID: 5027835763155500855}
    m_Modifications:
    - target: {fileID: 4108536845801240378, guid: 1f55f68bc7770a04e8e2436e7476e044, type: 3}
      propertyPath: m_RootOrder
      value: 1
      objectReference: {fileID: 0}
    - target: {fileID: 4108536845801240378, guid: 1f55f68bc7770a04e8e2436e7476e044, type: 3}
      propertyPath: m_LocalPosition.x
      value: 0
      objectReference: {fileID: 0}
    - target: {fileID: 4108536845801240378, guid: 1f55f68bc7770a04e8e2436e7476e044, type: 3}
      propertyPath: m_LocalPosition.y
      value: 0
      objectReference: {fileID: 0}
    - target: {fileID: 4108536845801240378, guid: 1f55f68bc7770a04e8e2436e7476e044, type: 3}
      propertyPath: m_LocalPosition.z
      value: 0
      objectReference: {fileID: 0}
    - target: {fileID: 4108536845801240378, guid: 1f55f68bc7770a04e8e2436e7476e044, type: 3}
      propertyPath: m_LocalRotation.w
      value: 1
      objectReference: {fileID: 0}
    - target: {fileID: 4108536845801240378, guid: 1f55f68bc7770a04e8e2436e7476e044, type: 3}
      propertyPath: m_LocalRotation.x
      value: 0
      objectReference: {fileID: 0}
    - target: {fileID: 4108536845801240378, guid: 1f55f68bc7770a04e8e2436e7476e044, type: 3}
      propertyPath: m_LocalRotation.y
      value: 0
      objectReference: {fileID: 0}
    - target: {fileID: 4108536845801240378, guid: 1f55f68bc7770a04e8e2436e7476e044, type: 3}
      propertyPath: m_LocalRotation.z
      value: 0
      objectReference: {fileID: 0}
    - target: {fileID: 4108536845801240378, guid: 1f55f68bc7770a04e8e2436e7476e044, type: 3}
      propertyPath: m_LocalEulerAnglesHint.x
      value: 0
      objectReference: {fileID: 0}
    - target: {fileID: 4108536845801240378, guid: 1f55f68bc7770a04e8e2436e7476e044, type: 3}
      propertyPath: m_LocalEulerAnglesHint.y
      value: 0
      objectReference: {fileID: 0}
    - target: {fileID: 4108536845801240378, guid: 1f55f68bc7770a04e8e2436e7476e044, type: 3}
      propertyPath: m_LocalEulerAnglesHint.z
      value: 0
      objectReference: {fileID: 0}
    - target: {fileID: 4108536845801240379, guid: 1f55f68bc7770a04e8e2436e7476e044, type: 3}
      propertyPath: m_Name
      value: AmbienteBase
      objectReference: {fileID: 0}
    m_RemovedComponents: []
    m_RemovedGameObjects: []
    m_AddedGameObjects: []
    m_AddedComponents: []
  m_SourcePrefab: {fileID: 100100000, guid: 1f55f68bc7770a04e8e2436e7476e044, type: 3}
--- !u!4 &1851201249357788652 stripped
Transform:
  m_CorrespondingSourceObject: {fileID: 4108536845801240378, guid: 1f55f68bc7770a04e8e2436e7476e044, type: 3}
  m_PrefabInstance: {fileID: 2356717155122987734}
  m_PrefabAsset: {fileID: 0}
--- !u!1001 &3292083727030199520
PrefabInstance:
  m_ObjectHideFlags: 0
  serializedVersion: 2
  m_Modification:
    serializedVersion: 3
    m_TransformParent: {fileID: 5027835763155500855}
    m_Modifications:
    - target: {fileID: 4396988122849710397, guid: d8645800da04d39419f3182da962b1a1, type: 3}
      propertyPath: m_RootOrder
      value: 0
      objectReference: {fileID: 0}
    - target: {fileID: 4396988122849710397, guid: d8645800da04d39419f3182da962b1a1, type: 3}
      propertyPath: m_LocalScale.x
      value: 5.9145937
      objectReference: {fileID: 0}
    - target: {fileID: 4396988122849710397, guid: d8645800da04d39419f3182da962b1a1, type: 3}
      propertyPath: m_LocalScale.z
      value: 0.21000001
      objectReference: {fileID: 0}
    - target: {fileID: 4396988122849710397, guid: d8645800da04d39419f3182da962b1a1, type: 3}
      propertyPath: m_LocalPosition.x
      value: -0.07000005
      objectReference: {fileID: 0}
    - target: {fileID: 4396988122849710397, guid: d8645800da04d39419f3182da962b1a1, type: 3}
      propertyPath: m_LocalPosition.y
      value: 0
      objectReference: {fileID: 0}
    - target: {fileID: 4396988122849710397, guid: d8645800da04d39419f3182da962b1a1, type: 3}
      propertyPath: m_LocalPosition.z
      value: 0.09
      objectReference: {fileID: 0}
    - target: {fileID: 4396988122849710397, guid: d8645800da04d39419f3182da962b1a1, type: 3}
      propertyPath: m_LocalRotation.w
      value: 1
      objectReference: {fileID: 0}
    - target: {fileID: 4396988122849710397, guid: d8645800da04d39419f3182da962b1a1, type: 3}
      propertyPath: m_LocalRotation.x
      value: 0
      objectReference: {fileID: 0}
    - target: {fileID: 4396988122849710397, guid: d8645800da04d39419f3182da962b1a1, type: 3}
      propertyPath: m_LocalRotation.y
      value: 0
      objectReference: {fileID: 0}
    - target: {fileID: 4396988122849710397, guid: d8645800da04d39419f3182da962b1a1, type: 3}
      propertyPath: m_LocalRotation.z
      value: 0
      objectReference: {fileID: 0}
    - target: {fileID: 4396988122849710397, guid: d8645800da04d39419f3182da962b1a1, type: 3}
      propertyPath: m_LocalEulerAnglesHint.x
      value: 0
      objectReference: {fileID: 0}
    - target: {fileID: 4396988122849710397, guid: d8645800da04d39419f3182da962b1a1, type: 3}
      propertyPath: m_LocalEulerAnglesHint.y
      value: 0
      objectReference: {fileID: 0}
    - target: {fileID: 4396988122849710397, guid: d8645800da04d39419f3182da962b1a1, type: 3}
      propertyPath: m_LocalEulerAnglesHint.z
      value: 0
      objectReference: {fileID: 0}
    - target: {fileID: 5100605169048107219, guid: d8645800da04d39419f3182da962b1a1, type: 3}
      propertyPath: targetType
      value: 1
      objectReference: {fileID: 0}
    - target: {fileID: 5695143438376696120, guid: d8645800da04d39419f3182da962b1a1, type: 3}
      propertyPath: m_Name
      value: Target (2)
      objectReference: {fileID: 0}
    - target: {fileID: 5695143438376696120, guid: d8645800da04d39419f3182da962b1a1, type: 3}
      propertyPath: m_Layer
      value: 19
      objectReference: {fileID: 0}
    m_RemovedComponents: []
    m_RemovedGameObjects: []
    m_AddedGameObjects: []
    m_AddedComponents: []
  m_SourcePrefab: {fileID: 100100000, guid: d8645800da04d39419f3182da962b1a1, type: 3}
--- !u!4 &1201029346994370013 stripped
Transform:
  m_CorrespondingSourceObject: {fileID: 4396988122849710397, guid: d8645800da04d39419f3182da962b1a1, type: 3}
  m_PrefabInstance: {fileID: 3292083727030199520}
  m_PrefabAsset: {fileID: 0}
--- !u!1001 &4804640751081568751
PrefabInstance:
  m_ObjectHideFlags: 0
  serializedVersion: 2
  m_Modification:
    serializedVersion: 3
    m_TransformParent: {fileID: 5027835763155500855}
    m_Modifications:
    - target: {fileID: 5005347533876791484, guid: 44748c735e2e3204ab7fc44df33cfc4c, type: 3}
      propertyPath: m_RootOrder
      value: 0
      objectReference: {fileID: 0}
    - target: {fileID: 5005347533876791484, guid: 44748c735e2e3204ab7fc44df33cfc4c, type: 3}
      propertyPath: m_LocalScale.x
      value: 19.29056
      objectReference: {fileID: 0}
    - target: {fileID: 5005347533876791484, guid: 44748c735e2e3204ab7fc44df33cfc4c, type: 3}
      propertyPath: m_LocalPosition.x
      value: -3
      objectReference: {fileID: 0}
    - target: {fileID: 5005347533876791484, guid: 44748c735e2e3204ab7fc44df33cfc4c, type: 3}
      propertyPath: m_LocalPosition.y
      value: 0
      objectReference: {fileID: 0}
    - target: {fileID: 5005347533876791484, guid: 44748c735e2e3204ab7fc44df33cfc4c, type: 3}
      propertyPath: m_LocalPosition.z
      value: -0.16
      objectReference: {fileID: 0}
    - target: {fileID: 5005347533876791484, guid: 44748c735e2e3204ab7fc44df33cfc4c, type: 3}
      propertyPath: m_LocalRotation.w
      value: 0.7071068
      objectReference: {fileID: 0}
    - target: {fileID: 5005347533876791484, guid: 44748c735e2e3204ab7fc44df33cfc4c, type: 3}
      propertyPath: m_LocalRotation.x
      value: 0
      objectReference: {fileID: 0}
    - target: {fileID: 5005347533876791484, guid: 44748c735e2e3204ab7fc44df33cfc4c, type: 3}
      propertyPath: m_LocalRotation.y
      value: 0.7071068
      objectReference: {fileID: 0}
    - target: {fileID: 5005347533876791484, guid: 44748c735e2e3204ab7fc44df33cfc4c, type: 3}
      propertyPath: m_LocalRotation.z
      value: 0
      objectReference: {fileID: 0}
    - target: {fileID: 5005347533876791484, guid: 44748c735e2e3204ab7fc44df33cfc4c, type: 3}
      propertyPath: m_LocalEulerAnglesHint.x
      value: 0
      objectReference: {fileID: 0}
    - target: {fileID: 5005347533876791484, guid: 44748c735e2e3204ab7fc44df33cfc4c, type: 3}
      propertyPath: m_LocalEulerAnglesHint.y
      value: 90
      objectReference: {fileID: 0}
    - target: {fileID: 5005347533876791484, guid: 44748c735e2e3204ab7fc44df33cfc4c, type: 3}
      propertyPath: m_LocalEulerAnglesHint.z
      value: 0
      objectReference: {fileID: 0}
    - target: {fileID: 7581595868062316650, guid: 44748c735e2e3204ab7fc44df33cfc4c, type: 3}
      propertyPath: m_Name
      value: Muro
      objectReference: {fileID: 0}
    m_RemovedComponents: []
    m_RemovedGameObjects: []
    m_AddedGameObjects: []
    m_AddedComponents: []
  m_SourcePrefab: {fileID: 100100000, guid: 44748c735e2e3204ab7fc44df33cfc4c, type: 3}
--- !u!4 &566066375778349395 stripped
Transform:
  m_CorrespondingSourceObject: {fileID: 5005347533876791484, guid: 44748c735e2e3204ab7fc44df33cfc4c, type: 3}
  m_PrefabInstance: {fileID: 4804640751081568751}
  m_PrefabAsset: {fileID: 0}
--- !u!1001 &9058454556401872888
PrefabInstance:
  m_ObjectHideFlags: 0
  serializedVersion: 2
  m_Modification:
    serializedVersion: 3
    m_TransformParent: {fileID: 7075263618142061781}
    m_Modifications:
    - target: {fileID: 336504708005571761, guid: d71f22963718fbf4b8642175a5beb606, type: 3}
      propertyPath: group
      value: 1
      objectReference: {fileID: 0}
    - target: {fileID: 336504708005571761, guid: d71f22963718fbf4b8642175a5beb606, type: 3}
      propertyPath: lockPosition
      value: 0
      objectReference: {fileID: 0}
    - target: {fileID: 3993056144722404885, guid: d71f22963718fbf4b8642175a5beb606, type: 3}
      propertyPath: _sensors.Array.size
      value: 2
      objectReference: {fileID: 0}
    - target: {fileID: 3993056144722404885, guid: d71f22963718fbf4b8642175a5beb606, type: 3}
      propertyPath: _sensors.Array.data[2].SensorName
      value: 1
      objectReference: {fileID: 0}
    - target: {fileID: 3993056144722404885, guid: d71f22963718fbf4b8642175a5beb606, type: 3}
      propertyPath: _sensors.Array.data[2].RayLayeredMask.m_Bits
      value: 2304
      objectReference: {fileID: 0}
    - target: {fileID: 6814978789236794652, guid: d71f22963718fbf4b8642175a5beb606, type: 3}
      propertyPath: m_BehaviorType
      value: 1
      objectReference: {fileID: 0}
    - target: {fileID: 8215472406520892164, guid: d71f22963718fbf4b8642175a5beb606, type: 3}
      propertyPath: m_Name
      value: Agent (1)
      objectReference: {fileID: 0}
    - target: {fileID: 8215472406520892164, guid: d71f22963718fbf4b8642175a5beb606, type: 3}
      propertyPath: m_IsActive
      value: 1
      objectReference: {fileID: 0}
    - target: {fileID: 8215472406520892167, guid: d71f22963718fbf4b8642175a5beb606, type: 3}
      propertyPath: m_RootOrder
      value: 0
      objectReference: {fileID: 0}
    - target: {fileID: 8215472406520892167, guid: d71f22963718fbf4b8642175a5beb606, type: 3}
      propertyPath: m_LocalPosition.x
      value: -0.06
      objectReference: {fileID: 0}
    - target: {fileID: 8215472406520892167, guid: d71f22963718fbf4b8642175a5beb606, type: 3}
      propertyPath: m_LocalPosition.y
      value: 0
      objectReference: {fileID: 0}
    - target: {fileID: 8215472406520892167, guid: d71f22963718fbf4b8642175a5beb606, type: 3}
      propertyPath: m_LocalPosition.z
      value: -8.83
      objectReference: {fileID: 0}
    - target: {fileID: 8215472406520892167, guid: d71f22963718fbf4b8642175a5beb606, type: 3}
      propertyPath: m_LocalRotation.w
      value: 0.99996775
      objectReference: {fileID: 0}
    - target: {fileID: 8215472406520892167, guid: d71f22963718fbf4b8642175a5beb606, type: 3}
      propertyPath: m_LocalRotation.x
      value: -0
      objectReference: {fileID: 0}
    - target: {fileID: 8215472406520892167, guid: d71f22963718fbf4b8642175a5beb606, type: 3}
      propertyPath: m_LocalRotation.y
      value: 0.008035414
      objectReference: {fileID: 0}
    - target: {fileID: 8215472406520892167, guid: d71f22963718fbf4b8642175a5beb606, type: 3}
      propertyPath: m_LocalRotation.z
      value: -0
      objectReference: {fileID: 0}
    - target: {fileID: 8215472406520892167, guid: d71f22963718fbf4b8642175a5beb606, type: 3}
      propertyPath: m_LocalEulerAnglesHint.x
      value: 0
      objectReference: {fileID: 0}
    - target: {fileID: 8215472406520892167, guid: d71f22963718fbf4b8642175a5beb606, type: 3}
      propertyPath: m_LocalEulerAnglesHint.y
      value: 0.921
      objectReference: {fileID: 0}
    - target: {fileID: 8215472406520892167, guid: d71f22963718fbf4b8642175a5beb606, type: 3}
      propertyPath: m_LocalEulerAnglesHint.z
      value: 0
      objectReference: {fileID: 0}
    - target: {fileID: 8215472406520892172, guid: d71f22963718fbf4b8642175a5beb606, type: 3}
      propertyPath: m_Constraints
      value: 116
      objectReference: {fileID: 0}
    m_RemovedComponents: []
    m_RemovedGameObjects: []
    m_AddedGameObjects: []
    m_AddedComponents: []
  m_SourcePrefab: {fileID: 100100000, guid: d71f22963718fbf4b8642175a5beb606, type: 3}
--- !u!4 &1131846944934175999 stripped
Transform:
  m_CorrespondingSourceObject: {fileID: 8215472406520892167, guid: d71f22963718fbf4b8642175a5beb606, type: 3}
  m_PrefabInstance: {fileID: 9058454556401872888}
  m_PrefabAsset: {fileID: 0}
